 Dungeon Crawl Stone Soup version 0.26.0-18-gc5c842f807 (webtiles) character file.

Game seed: 11246286297349088713

377 thiole the Sneak (level 6, -1/36 HPs)
             Began as an Octopode Hedge Wizard on Jan 23, 2021.
             Slain by an ogre
             ... wielding a +0 giant club
              (17 damage)
             ... on level 4 of the Dungeon.
             The game lasted 00:05:40 (4042 turns).

thiole the Sneak (Octopode Hedge Wizard)            Turns: 4042, Time: 00:05:41

Health: -1/36      AC:  1    Str:  9    XL:     6   Next: 73%
Magic:  12/12      EV: 13    Int: 18    God:
Gold:   108        SH:  0    Dex: 12    Spells: 5/13 levels left

rFire    . . .     SeeInvis .   c - +2 dagger (elec)
rCold    . . .     Faith    .   (no shield)
rNeg     . . .     Spirit   .   b - +0 hat
rPois    .         Reflect  .   (no amulet)
rElec    .         Harm     .   k - ring of willpower
rCorr    .         Rampage  .   (no ring)
Will     +....                  (no ring)
Stlth    ++++......             (no ring)
HPRegen  0.12/turn              (no ring)
MPRegen  0.13/turn              (no ring)
                                (no ring)
                                (no ring)

@: mighty
A: almost no armour, stealthy swim, amphibious, 8 rings, constrict 8, camouflage
1, gelatinous body 1
a: no special abilities


You were on level 4 of the Dungeon.
You visited 1 branch of the dungeon, and saw 4 of its levels.

You collected 108 gold pieces.

Inventory:

Hand Weapons
 c - a +2 dagger of electrocution (weapon)
 q - a +0 dagger of speed
Armour
 b - a +0 hat (worn)
Magical Staves
 t - an uncursed staff of fire
Jewellery
 k - a ring of willpower (left tentacle)
Wands
 d - a wand of polymorph (3)
 s - a wand of enslavement (9)
Scrolls
 e - 2 scrolls of teleportation
 f - a scroll of identify
 h - 3 scrolls of enchant armour {unknown}
 l - a scroll of fog {unknown}
 n - a scroll of magic mapping {unknown}
 p - a scroll of amnesia {unknown}
 v - a scroll of immolation {unknown}
 w - a scroll of enchant weapon {unknown}
Potions
 a - a potion of ambrosia {unknown}
 g - a potion of might
 i - 2 potions of magic
 j - 2 potions of flight {unknown}
 m - 2 potions of attraction {unknown}
 o - a potion of mutation {unknown}
 r - a potion of lignification {unknown}
 u - a potion of cancellation {unknown}


   Skills:
 - Level 2.0 Dodging
 + Level 5.9 Stealth
 + Level 4.4 Spellcasting
 - Level 2.0 Conjurations
 - Level 2.0 Summonings
 - Level 1.0 Translocations
 * Level 2.9 Air Magic


You had 5 spell levels left.
You knew the following spells:

 Your Spells              Type           Power        Failure   Level
a - Magic Dart            Conj           44%          6%          1
b - Call Imp              Summ           11%          10%         2
c - Slow                  Hex            4%           22%         2
d - Mephitic Cloud        Conj/Pois/Air  9%           22%         3

Your spell library contained the following spells:

 Spells                   Type           Power        Failure   Level
 Blink                    Tloc           N/A          14%         2
 Conjure Flame            Conj/Fire      7%           28%         3


Dungeon Overview and Level Annotations

Branches:
Dungeon (4/15)
 Temple: D:4-7

Altars:
Dithmenos
Kikubaaqudgha


Innate Abilities, Weirdness & Mutations

You cannot wear most types of armour.
You are very stealthy in the water. (Stealth+)
You are amphibious.
You can wear up to eight rings at the same time.
You can use your tentacles to constrict eight enemies at once.
Your skin changes colour to match your surroundings (Stealth+).
Your rubbery body absorbs attacks. (AC +1, EV +1)


Message History

Your crimson imp hits the ball python skeleton.
The ball python skeleton is destroyed!
The iguana barely misses you.
Your white imp gestures at the iguana.
The puff of frost hits the iguana.
You climb upwards.
Your summoned ally is left behind.
There is a stone staircase leading down here.
You feel very mighty all of a sudden. The iguana misses you.
You hit the iguana. Your grab misses the iguana.
Your squeeze misses the iguana.
The iguana is severely wounded.
The iguana closely misses you.
You hit the iguana.
You kill the iguana!
You start resting.
Magic restored.
There is a stone staircase leading down here.
You climb downwards.
The ogre hits you with a +0 giant club!
You die...

###########
#.@......<<
#.O........
#....(.....
#..........
#..........
#........?.
#..........
#.....#####
.......


You could see an ogre.

Vanquished Creatures
  Sigmund (D:3)
  2 orc wizards (D:2)
  2 iguanas
  4 adders
  5 worms
  6 dart slugs
  A leopard gecko (D:3)
  7 orcs
  3 giant cockroaches
  4 goblins
  5 hobgoblins
  2 jackals (D:3)
  7 kobolds
  A quokka (D:2)
  2 ball pythons
  5 bats
  4 frilled lizards
  5 rats
66 creatures vanquished.

Vanquished Creatures (collateral kills)
  A ball python skeleton (D:4)
1 creature vanquished.

Grand Total: 67 creatures vanquished

Notes
Turn   | Place    | Note
-------+----------+-------------------------------------------
     0 | D:1      | thiole the Octopode Hedge Wizard began the quest for the
                  | Orb.
     0 | D:1      | Reached XP level 1. HP: 11/11 MP: 4/4
   222 | D:1      | Reached XP level 2. HP: 17/17 MP: 0/6
   288 | D:1      | Reached skill level 3 in Stealth
   822 | D:2      | Reached XP level 3. HP: 21/21 MP: 1/7
  1504 | D:2      | Reached XP level 4. HP: 22/27 MP: 2/9
  1732 | D:2      | Reached skill level 4 in Stealth
  1903 | D:2      | Reached XP level 5. HP: 27/31 MP: 3/10
  1987 | D:2      | Found an ancient bone altar of Kikubaaqudgha.
  2433 | D:3      | Reached skill level 5 in Stealth
  2622 | D:3      | Learned a level 2 spell: Call Imp
  2625 | D:3      | Learned a level 2 spell: Slow
  2630 | D:3      | Learned a level 3 spell: Mephitic Cloud
  3011 | D:3      | Found a faded altar of an unknown god.
  3305 | D:3      | Found a shadowy altar of Dithmenos.
  3456 | D:3      | Noticed Sigmund
  3467 | D:3      | Reached skill level 1 in Air Magic
  3525 | D:3      | Killed Sigmund
  3526 | D:3      | Reached XP level 6. HP: 32/36 MP: 7/12
  4042 | D:4      | Slain by an ogre

Illustrated notes

Levels and vault maps discovered:
D:1:      dpeg_arrival_refuge, layout_rooms
D:2:      layout_basic, general_overflow_altar
D:3:      layout_basic, nicolae_dithmenos_through_a_glass_darkly,
          chequers_ecumenical_altar_twisty, uniq_sigmund
D:4:      layout_rooms, chequers_temple_overflow_statue_of_worship,
          serial_curves, eino_curves_03, eino_curves_03, minmay_ogre_servants

Skill      XL: |  1  2  3  4  5 |
---------------+----------------+-----
Stealth        | 3 4 5 |  5.9
Conjurations   | 2 |  2.0
Summonings     | 2 |  2.0
Spellcasting   | 4 |  4.4
Air Magic      | 2 |  2.9
Dodging        | |  2.0
Translocations | |  1.0

Action                   |  1- 3 |  4- 6 || total
-------------------------+-------+-------++-------
Melee: Dagger            |    28 |    35 ||    63
       Constrict         |     8 |    10 ||    18
       Tentacles         |     3 |     8 ||    11
       Unarmed           |       |    19 ||    19
 Cast: Magic Dart        |    68 |    92 ||   160
       Call Imp          |       |     3 ||     3
  Use: Scroll            |     1 |     3 ||     4
       Potion            |       |     3 ||     3
 Stab: Sleeping          |     2 |     3 ||     5
Armor: Skin              |     3 |     3 ||     6
Dodge: Dodged            |    15 |    27 ||    42
